 Dungeon Crawl Stone Soup version 0.23.2-1-ga50397a6bc (webtiles) character file.

Game seed: 456682451331075125

68 GreaterElenko the Charmwright (level 4, -1/34 HPs)
             Began as a Vampire Skald on Apr 16, 2019.
             Slain by an adder (3 damage)
             ... on level 2 of the Dungeon.
             The game lasted 00:02:11 (1393 turns).

GreaterElenko the Charmwright (Vampire Skald)       Turns: 1393, Time: 00:02:12

Health: -1/34      AC:  3    Str: 15    XL:     4   Next: 1%
Magic:  4/7        EV: 12    Int: 16    God:
Gold:   71         SH:  0    Dex: 13    Spells: 1/7 levels left

rFire    . . .     SeeInvis +   a - +0 spear
rCold    . . .     Gourm    .   (no shield)
rNeg     . . .     Faith    .   b - +0 leather armour
rPois    .         Spirit   .   (no helmet)
rElec    .         Reflect  .   (no cloak)
rCorr    .         Harm     .   (no gloves)
MR       .....                  (no boots)
Stlth    +.........             (no amulet)
HPRegen  0.31/turn              (no ring)
MPRegen  0.10/turn              (no ring)

@: mighty, lethally poisoned (-1 -> -2), regenerating quickly
A: fangs 3, see invisible, unbreathing
a: no special abilities


You were on level 2 of the Dungeon.
You were very full.

You visited 1 branch of the dungeon, and saw 2 of its levels.

You collected 71 gold pieces.

Inventory:

Hand Weapons
 a - a +0 spear (weapon)
Armour
 b - a +0 leather armour (worn)
 h - a +0 shield
   (You found it on level 1 of the Dungeon)
Scrolls
 d - a scroll of identify {unknown}
 e - a scroll of fog {unknown}
 f - a scroll of enchant armour {unknown}
 i - a scroll of noise {unknown}
Potions
 c - a potion of cancellation {unknown}
 g - 2 potions of mutation {unknown}
 j - a potion of might
 q - 6 potions of blood {@q0}


   Skills:
 + Level 2.4 Fighting
 * Level 3.0 Polearms
 - Level 0.7 Armour
 - Level 2.1 Dodging
 - Level 2.0 Spellcasting
 + Level 1.2 Hexes
 - Level 3.6 Charms


You had one spell level left.
You knew the following spells:

 Your Spells              Type           Power        Failure   Level  Hunger
a - Infusion              Chrm           ##..         5%          1    #......
q - Shroud of Golubria    Chrm/Tloc      #.........   19%         2    ###....
t - Spectral Weapon       Hex/Chrm       #.......     28%         3    ###....

Your spell library contained the following spells:

 Spells                   Type           Power        Failure   Level  Hunger
 Song of Slaying          Chrm           ##......     9%          2    ###....
 Regeneration             Chrm/Necr      #.........   34%         3    ###....


Dungeon Overview and Level Annotations

Branches:
Dungeon (2/15)

Altars:


Innate Abilities, Weirdness & Mutations

Your natural rate of healing is unusually fast.
You have razor-sharp teeth.
You have supernaturally acute eyesight. (SInv)
You can survive without breathing.


Message History

Aim: a gnoll, wielding a +0 club You hit the gnoll.
Your spectral weapon misses the gnoll.
The gnoll closely misses you.
A gnoll comes into view. It is wielding a +0 club.
Unknown command.
You hit the gnoll but do no damage.
Your spectral weapon hits the gnoll.
The gnoll barely misses you. The gnoll hits you with a +0 club.
Unknown command.
You closely miss the gnoll.
Your spectral weapon hits the gnoll.
A gnoll comes into view. It is wielding a +0 club.
The gnoll barely misses you.
You hit the gnoll.
You kill the gnoll!
You have reached level 4!
The gnoll hits you but does no damage.
Unknown command.
Unknown command.
Attack whom?
Aim: a gnoll, wielding a +0 spear You reach to attack!
You hit the gnoll.
Your spectral weapon hits the gnoll.
The gnoll misses you.
Attack whom?
Aim: a gnoll, wielding a +0 spear (heavily wounded)
You could not reach far enough!
The gnoll hits your spectral weapon with a +0 club.
Your spectral weapon shares its damage with you!
The gnoll hits you from afar with a +0 spear!
* * * LOW HITPOINT WARNING * * *
You hit the adder.
Your spectral weapon barely misses the adder.
The adder bites you.
* * * LOW HITPOINT WARNING * * *
You are poisoned.
The adder poisons you! The gnoll closely misses you. The adder bites you.
* * * LOW HITPOINT WARNING * * *
You are more poisoned.
The adder poisons you!
You hit the adder. You bite the adder, but do no damage.
You feel sick.
Your spectral weapon closely misses the adder.
The gnoll hits your spectral weapon with a +0 club.
Your spectral weapon shares its damage with you!
* * * LOW HITPOINT WARNING * * *
The adder barely misses you.
The gnoll hits you from afar with a +0 spear.
* * * LOW HITPOINT WARNING * * *
It was a potion of might.
You feel very mighty all of a sudden.
* * * LOW HITPOINT WARNING * * *
You feel sick. The adder bites you.
You die...

#.# #.# #.# #.#
.#. #.# #.#
...# #.# #.#
..# #.# #g# ..#
#.###)#### #.#
#...(gg..# #.#
####.###S##.#
#.####....###@#
#
#....'.....##.#
#..###.....##.#
##.# #......%..
#.###....###.#
#..#.........#
##.#.#######.#
#.#.# #.# #...#


You could see 3 gnolls, an adder and a friendly spectral +0 spear.

Vanquished Creatures
  A gnoll (D:2)
  3 adders (D:2)
  A leopard gecko (D:1)
  A giant cockroach (D:2)
  6 goblins (D:1)
  6 hobgoblins
  4 kobolds
  A quokka (D:2)
  4 bats
  4 rats
  A plant (D:1)
32 creatures vanquished.

Notes
Turn   | Place    | Note
-------+----------+-------------------------------------------
     0 | D:1      | GreaterElenko the Vampire Skald began the quest for the
                  | Orb.
     0 | D:1      | Reached XP level 1. HP: 16/16 MP: 3/3
   305 | D:1      | Reached XP level 2. HP: 22/22 MP: 5/5
   389 | D:1      | Learned a level 2 spell: Shroud of Golubria
  1109 | D:2      | Reached XP level 3. HP: 19/27 MP: 0/6
  1130 | D:2      | Learned a level 3 spell: Spectral Weapon
  1379 | D:2      | Reached skill level 1 in Hexes
  1387 | D:2      | Reached XP level 4. HP: 22/34 MP: 4/7
  1393 | D:2      | Slain by an adder

Skill      XL: |  1  2  3 |
---------------+----------+-----
Polearms       | 2 3 |  3.0
Fighting       | 2 |  2.4
Hexes          | 1 |  1.2
Armour         | |  0.7
Dodging        | |  2.1
Spellcasting   | |  2.0
Charms         | |  3.6

Action                   |  1- 3 |  4- 6 || total
-------------------------+-------+-------++-------
Melee: Spear             |   194 |     3 ||   197
       Bite              |    13 |     1 ||    14
 Cast: Infusion          |     2 |       ||     2
       Spectral Weapon   |     2 |       ||     2
  Use: Potion            |    11 |     1 ||    12
Armor: Leather armour    |    20 |       ||    20
Dodge: Dodged            |    51 |     3 ||    54
